 Dungeon Crawl Stone Soup version 0.23-a0-242-g2b5ca64 (webtiles) character file.

592 Irenicus the Digger (level 7, -4/55 HPs)
             Began as a Deep Dwarf Earth Elementalist on Sept 28, 2018.
             Killed by nerve-wracking pain
             ... invoked by a shadow imp
              (12 damage)
             ... on level 5 of the Dungeon.
             The game lasted 00:18:51 (1659 turns).

Irenicus the Digger (Deep Dwarf Earth Elementalist) Turns: 1659, Time: 00:18:52

Health: -4/55      AC: 16    Str: 12    XL:     7   Next: 16%
Magic:  2/13       EV: 14    Int: 17    God:
Gold:   80         SH:  0    Dex: 13    Spells: 10/16 levels left

rFire    + . .     SeeInvis .   h - +1 falchion (protect)
rCold    + . .     Gourm    .   (no shield)
rNeg     . . .     Faith    .   i - +1 leather armour
rPois    +         Spirit   .   (no helmet)
rElec    +         Reflect  .   (no cloak)
rCorr    +         Harm     .   b - +2 pair of gloves
MR       +....                  (no boots)
Stlth    ++........             (no amulet)
HPRegen  0.00/turn              e - ring of wizardry
MPRegen  0.13/turn              l - ring of resist corrosion

@: resistant, protection aura, non-regenerating
A: damage resistance, heal wounds, repulsion field 1, slimy green scales 1,
sense surroundings 1, no regeneration
a: Heal Wounds


You were on level 5 of the Dungeon.
You were near starving.

You visited 1 branch of the dungeon, and saw 5 of its levels.

You collected 150 gold pieces.
You spent 70 gold pieces at shops.

Inventory:

Hand Weapons
 c - a +0 dagger
 h - a +1 falchion of protection (weapon)
 m - a +0 hand axe
Armour
 b - a +2 pair of gloves (worn)
 i - a +1 leather armour (worn)
Jewellery
 e - a ring of wizardry (left hand)
 l - a ring of resist corrosion (right hand)
Wands
 p - a wand of paralysis (7)
Scrolls
 a - 2 scrolls of teleportation
 g - a scroll of amnesia {unknown}
 j - a scroll of blinking {unknown}
 k - 3 scrolls of identify
 o - 2 scrolls of enchant weapon
 q - a scroll of random uselessness {unknown}
Potions
 n - 2 potions of curing
 r - 2 potions of mutation
Comestibles
 d - 3 rations


   Skills:
 - Level 2.2 Dodging
 - Level 2.4 Stealth
 + Level 5.0 Spellcasting
 - Level 2.2 Conjurations
 - Level 0.8 Transmutations
 - Level 7.0 Earth Magic


You had 10 spell levels left.
You knew the following spells:

 Your Spells              Type           Power        Failure   Level  Hunger
a - Sandblast             Erth           ####..       1%          1    None
b - Passwall              Tmut/Erth      ###.....     2%          2    #......
c - Stone Arrow           Conj/Erth      ###...       3%          3    ###....

Your spell library contained the following spells:

 Spells                   Type           Power        Failure   Level  Hunger
 Magic Dart               Conj           ##..         2%          1    None
 Searing Ray              Conj           ##....       4%          2    #......
 Lee's Rapid Deconstruct  Erth           ####......   12%         5    ######.
 Dazzling Spray           Conj/Hex       #.....       14%         3    ###....
 Petrify                  Tmut/Erth      ###.....     14%         4    ####...
 Iskenderun's Mystic Bla  Conj           ##......     26%         4    ####...
 Force Lance              Conj/Tloc      #.......     41%         4    ####...
 Fulminant Prism          Conj/Hex       #.........   41%         4    ####...


Dungeon Overview and Level Annotations

Branches:
Dungeon (5/15)
 Temple: D:4-7

Altars:

Shops:
D:4 [!


Innate Abilities, Weirdness & Mutations

You are resistant to damage.
You can heal yourself by infusing magical energy.
You passively map a small area around you.
You do not regenerate.
You are surrounded by a mild repulsion field. (EV +2)
You are partially covered in slimy green scales. (AC +2)


Message History

You hit the scorpion.
The scorpion is heavily wounded.
The scorpion stings you but does no damage.
The scorpion stings you.
* * * LOW HITPOINT WARNING * * *
Casting: Stone Arrow (safe; 3% risk of failure)
Confirm with . or Enter, or press ? or * to list all spells.
Aiming: Stone Arrow (safe; 3% risk of failure)
Press: ? - help, Shift-Dir - straight line, f - scorpion
Aim: a scorpion (heavily wounded)
The stone arrow hits the scorpion.
You kill the scorpion!
Your Spellcasting skill increases to level 5!
You hit the shadow imp but do no damage.
The shadow imp closely misses you.
You barely miss the shadow imp. The shadow imp misses you.
You closely miss the shadow imp. The shadow imp gestures at you.
Pain shoots through your body!
You die...

#####.##.###.# ,
......##.# #.# , ,
##.......# #.# * *
#.##.#### #.# * ,#
#.##.######.# .#
#.##........# * .# ,
##.##.#.###### .## *
##.......#########...###
, ,
+...............@5......
,
####....##########...###
# ##.#.# * .## , ###.# #
,,, #.# #.# * *
#######.# .....##.# *
###..##.#


You could see a shadow imp.

Vanquished Creatures
  Sigmund (D:5)
  A slave (D:4)
  An ice beast (D:5)
  A scorpion (D:5)
  A hound (D:4)
  3 orc wizards
  An iguana (D:4)
  A worker ant (D:2)
  5 adders
  3 oozes
  2 worms
  2 dart slugs
  15 orcs
  4 bats
  7 giant cockroaches
  2 goblins
  10 hobgoblins
  2 frilled lizards
  3 kobolds
  A quokka skeleton (D:5)
  6 rats
72 creatures vanquished.

Notes
Turn   | Place    | Note
-------+----------+-------------------------------------------
     0 | D:1      | Irenicus the Deep Dwarf Earth Elementalist began the quest
                  | for the Orb.
     0 | D:1      | Reached XP level 1. HP: 15/15 MP: 3/3
   125 | D:1      | Reached XP level 2. HP: 22/22 MP: 1/5
   328 | D:2      | Learned a level 2 spell: Passwall
   351 | D:2      | Reached skill level 5 in Earth Magic
   351 | D:2      | Reached XP level 3. HP: 17/28 MP: 1/6
   555 | D:2      | Reached XP level 4. HP: 26/36 MP: 2/8
   702 | D:3      | Learned a level 3 spell: Stone Arrow
   705 | D:3      | Noticed an ogre
   749 | D:3      | Gained mutation: You are surrounded by a mild repulsion
                  | field. (EV +2) [potion of mutation]
   749 | D:3      | Gained mutation: You are partially covered in slimy green
                  | scales. (AC +2) [potion of mutation]
   755 | D:3      | Reached skill level 6 in Earth Magic
   854 | D:3      | Reached XP level 5. HP: 17/42 MP: 7/9
  1059 | D:2      | Found a faded altar of an unknown god.
  1093 | D:4      | Reached skill level 1 in Conjurations
  1159 | D:4      | Found Emakomna's Distillery.
  1195 | D:4      | Bought a potion of heal wounds for 70 gold pieces
  1318 | D:4      | Found Boisiq's Antique Armour Emporium.
  1346 | D:4      | Reached skill level 7 in Earth Magic
  1346 | D:4      | Reached XP level 6. HP: 18/49 MP: 1/10
  1389 | D:4      | Noticed a slave
  1435 | D:4      | Killed a slave
  1498 | D:5      | Entered Level 5 of the Dungeon
  1534 | D:5      | Noticed Sigmund
  1539 | D:5      | Killed Sigmund
  1593 | D:5      | Noticed an ice beast
  1632 | D:5      | Killed an ice beast
  1632 | D:5      | Reached XP level 7. HP: 16/55 MP: 1/13
  1656 | D:5      | Reached skill level 5 in Spellcasting
  1659 | D:5      | Killed from afar by a shadow imp

Vault maps used:
D:1:      onia_arrival_larder
D:2:      chequers_ecumenical_altar_simple_redux
D:3:      st_stairs_9, minmay_misc_feat_plants
D:4:      serial_shops, shop_fountains, shop, first_ration, uniq_pikel
D:5:      grunt_decor_fettered, uniq_blork_the_orc, uniq_sigmund

Skill      XL: |  1  2  3  4  5  6  7 |
---------------+----------------------+-----
Spellcasting   | 2 3 4 5 |  5.0
Earth Magic    | 5 6 7 |  7.0
Conjurations   | 2 |  2.2
Dodging        | |  2.2
Stealth        | |  2.4
Transmutations | |  0.8

Action                   |  1- 3 |  4- 6 |  7- 9 || total
-------------------------+-------+-------+-------++-------
Melee: Unarmed           |     2 |       |       ||     2
       Dagger            |     8 |     4 |       ||    12
       Hand axe          |       |    40 |       ||    40
       Falchion          |       |    43 |    11 ||    54
 Cast: Sandblast         |    36 |    53 |       ||    89
       Passwall          |       |     6 |       ||     6
       Stone Arrow       |       |    17 |     1 ||    18
 Abil: Heal Wounds       |       |     1 |       ||     1
  Use: Scroll            |     3 |     2 |       ||     5
       Potion            |     1 |     6 |       ||     7
 Stab: Sleeping          |     1 |     2 |       ||     3
  Eat: Chunk             |       |     3 |       ||     3
Armor: Leather armour    |     3 |    30 |     3 ||    36
       Skin              |       |    21 |       ||    21
Dodge: Dodged            |    16 |    77 |     4 ||    97
       Rpst.: Falchion   |       |    13 |     1 ||    14

Table legend:
 A = Non-vault XP
 B = Vault XP
 C = Vault XP percentage of total XP
 D = Non-vault monster count
 E = Vault monster count
 F = Vault count percentage of total count
                 A         B        C        D         E       F
            +---------+---------+-------+---------+---------+-------
      Total |     617 |     230 |  27.2 |      67 |       4 |   5.6
            +---------+---------+-------+---------+---------+-------
        D:1 |      19 |       1 |   5.0 |      12 |       1 |   7.7
        D:2 |     127 |       0 |   0.0 |      22 |       0 |   0.0
        D:3 |      57 |       6 |   9.5 |      14 |       2 |  12.5
        D:4 |     223 |       0 |   0.0 |      16 |       0 |   0.0
        D:5 |     191 |     223 |  53.9 |       3 |       1 |  25.0
            +---------+---------+-------+---------+---------+-------
